[Event "Skol-SM i Schack 2024, Grupp A"]
[Site "Arena Varberg, Kattegattsvagen 26, Varberg, Sweden"]
[Date "2024.10.13"]
[Round "7.7"]
[White "Savela, Julina"]
[Black "Keskitalo, Rasmus"]
[Result "1-0"]
[TimeControl "45 minutes + 10 seconds per move from move one."]
[WhiteFideId "1767437"]
[BlackFideId "1768271"]
[WhiteElo "1682"]
[BlackElo "1752"]

1. d4 d5 2. Nc3 Nf6 3. Bg5 e6 4. e4 dxe4 5. Nxe4 Be7 6. Bxf6 Bxf6 7. Nf3 O-O 8. c3 b6 9. Bd3 Bb7 10.
Qe2 a5 11. h4 Nd7 12. O-O-O c6 13. Nd6 Qc7 14. Nxb7 Qxb7 15. Qe4 g6 16. h5 Kg7 17. Rh3 Qc7 18. g4 Qd8 19. hxg6 fxg6 20.
Rxh7+ 1-0

[Event "Skol-SM i Schack 2024, Grupp A"]
[Site "Arena Varberg, Kattegattsvagen 26, Varberg, Sweden"]
[Date "2024.10.13"]
[Round "7.8"]
[White "Persson Holm, Simon"]
[Black "Langhals, Mattias"]
[Result "0-1"]
[TimeControl "45 minutes + 10 seconds per move from move one."]
[WhiteFideId "1744380"]
[BlackFideId "1779168"]
[WhiteElo "1737"]
[BlackElo "1697"]

1. d4 d5 2. c4 c6 3. Nc3 Nf6 4. Nf3 e6 5. g3 Nbd7 6. Bg2 Bd6 7. O-O O-O 8. b3 Re8 9. Bb2 Ne4 10.
Qc2 f5 11. Nd2 Qg5 12. Ndxe4 fxe4 13. f3 exf3 14. exf3 Qe3+ 15. Kh1 Qh6 16. f4 Nf6 17. Rae1 Bd7 18. Re2 Nh5 19. Re3 Rf8 20.
Rfe1 Rae8 21. Nb1 Nf6 22. R3e2 Ng4 23. Bf3 Nf6 24. Ba3 Bxa3 25. Nxa3 Nh5 26. Kg2 a6 27. Nb1 dxc4 28. bxc4 Rf6 29.
d5 Rg6 30. Bxh5 Qxh5 31. Re5 Qh6 32. f5 Rf6 33. fxe6 Bc8 34. Nc3 cxd5 35. cxd5 b5 36. Ne4 Rff8 37. Nd6 Qf6 38. Nxe8 Rxe8 39.
Rf5 Qd4 40. Rd1 Qe3 41. Rf7 h6 42. Rdf1 Qd4 43. Qf5 Qd2+ 44. Rf2 Qd4 45. Rf8+ Rxf8 46.
Qxf8+ Kh7 47. Qf5+ Kg8 48. Qf3 Bb7 49. Qf7+ Kh7 50. Qxb7 Qe4+ 51. Rf1 0-1

[Event "Skol-SM i Schack 2024, Grupp A"]
[Site "Arena Varberg, Kattegattsvagen 26, Varberg, Sweden"]
[Date "2024.10.13"]
[Round "8.12"]
[White "Stanton-Andersson, Coll"]
[Black "Wingh, Walter"]
[Result "0-1"]
[TimeControl "45 minutes + 10 seconds per move from move one."]
[WhiteFideId "1758837"]
[BlackFideId "1767836"]
[WhiteElo "1542"]
[BlackElo "1612"]

1. e4 e6 2. d4 d5 3. exd5 exd5 4. Nf3 Bd6 5. Nc3 c6 6. Be3 Bf5 7. Bd3 Bxd3 8. Qxd3 Nd7 9. O-O-O Ngf6 10.
Rde1 O-O 11. h4 Qa5 12. Bd2 Bb4 13. Kb1 Rfe8 14. Re2 Rxe2 15. Nxe2 Ne4 16. Bxb4 Qxb4 17. Rf1 Ndf6 18. c3 Qb6 19.
Ne5 Re8 20. f3 Nd6 21. g4 Qc7 22. Ng3 Nd7 23. f4 Ne4 24. Nxe4 dxe4 25. Qe3 Nb6 26. Nd3 Qe7 27. Nc5 Qxh4 28.
Nxb7 Qxg4 29. Rg1 Qe6 30. Nc5 Qe7 31. Qg3 g6 32. f5 Qf6 33. fxg6 hxg6 34. Rh1 e3 35. Re1 Qf2 36. Qxf2 exf2 37.
Rxe8+ Kg7 38. Kc2 0-1

[Event "Skol-SM i Schack 2024, Grupp A"]
[Site "Arena Varberg, Kattegattsvagen 26, Varberg, Sweden"]
[Date "2024.10.13"]
[Round "7.9"]
[White "Demeestere, Ewoud"]
[Black "Johansson, Sigge"]
[Result "1-0"]
[TimeControl "45 minutes + 10 seconds per move from move one."]
[WhiteFideId "1773585"]
[BlackFideId "1742612"]
[WhiteElo "1833"]
[BlackElo "1746"]

1. d4 Nf6 2. c4 e6 3. Nf3 d5 4.
Bg5 Be7 5. Nc3 O-O 6. e3 h6 7. Bxf6 Bxf6 8. Rc1 c6 9. h4 Nd7 10. g4 g5 11. hxg5 Bxg5 12. Nxg5 Qxg5 13. f4 Qg7 14.
Rc2 Nf6 15. Rch2 Nxg4 16. Rg2 f5 17. Be2 Kf7 18. Bxg4 fxg4 19. Rxg4 Qf6 20. Rgh4 Rh8 21. Qh5+ Ke7 22. Rg1 Bd7 23.
Rhg4 Rh7 24. Qh2 h5 25. Rg6 Qf7 26. c5 h4 27. f5 Rf8 28. f6+ Kd8 29. Qb8+ Bc8 30. Rg7 h3 31. Rxf7 Rfxf7 32. Rg8+ 1-0

[Event "Skol-SM i Schack 2024, Grupp A"]
[Site "Arena Varberg, Kattegattsvagen 26, Varberg, Sweden"]
[Date "2024.10.13"]
[Round "7.10"]
[White "Fredlund, Joel"]
[Black "Sniegon, Filip"]
[Result "1-0"]
[TimeControl "45 minutes + 10 seconds per move from move one."]
[WhiteFideId "1748157"]
[BlackFideId "1778277"]
[WhiteElo "1454"]
[BlackElo "1684"]

1. e4 c5 2. Nf3 d6 3. d4 cxd4 4. Nxd4 Nf6 5. Nc3 a6 6. Bc4 e5 7. Nf3 Be7 8. Nd5 Nxe4 9. Nxe7 Qxe7 10.
Qe2 Nf6 11. Ng5 O-O 12. h4 b5 13. Bb3 Bb7 14. Rh2 Nc6 15. c3 h6 16. Bc2 d5 17. g4 Rfe8 18. Nh3 d4 19. g5 hxg5 20.
hxg5 Nd5 21. Qh5 g6 22. Qh4 Nf4 23. Nxf4 exf4+ 24. Be3 Qe5 25. O-O-O fxe3 26. Bb3 Qg7 27. Rdh1 Kf8 28. Qf4 Ke7 29.
Qc7+ Kf8 30. Rh8+ Qxh8 31. Qxf7# 1-0

[Event "Skol-SM i Schack 2024, Grupp A"]
[Site "Arena Varberg, Kattegattsvagen 26, Varberg, Sweden"]
[Date "2024.10.13"]
[Round "7.11"]
[White "Abdulkader, Ahmad"]
[Black "Stanton-Andersson, Coll"]
[Result "1-0"]
[TimeControl "45 minutes + 10 seconds per move from move one."]
[WhiteFideId "1776550"]
[BlackFideId "1758837"]
[WhiteElo "1613"]
[BlackElo "1542"]

1. e4 e5 2. Bc4 Nc6 3. Nf3 Bc5 4. c3 d6 5. d4 Bb6 6. dxe5 dxe5 7. Qxd8+ Kxd8 8. Bxf7 Nf6 9. Bg5 Ke7 10.
Bc4 h6 11. Bxf6+ gxf6 12. Nbd2 Bg4 13. h3 Bh5 14. g4 Bg6 15. Nh4 Bh7 16. f3 Rad8 17. Rf1 Be3 18. O-O-O Rd7 19. Ng2 Bb6 20.
Bb3 Na5 21. Ba4 Nc6 22. Nc4 Rhd8 23. Nxb6 axb6 24. Ne3 Ke6 25. Bb3+ Ke7 26. Nd5+ Kf8 27. Nxf6 Rxd1+ 28. Rxd1 Rxd1+ 29. Kxd1 Bg6 30. Nd5 Na5 31. Nxc7 Nxb3 32. axb3 Bf7 33. Nd5 b5 34. Kd2 Bxd5 35. exd5 Ke7 36. Ke3 Kd6 37. Ke4 Kxd5+ 1-0

[Event "Skol-SM i Schack 2024, Grupp A"]
[Site "Arena Varberg, Kattegattsvagen 26, Varberg, Sweden"]
[Date "2024.10.13"]
[Round "8.1"]
[White "Joensson, Oscar"]
[Black "Eriksson, Wilmer"]
[Result "1/2-1/2"]
[TimeControl "45 minutes + 10 seconds per move from move one."]
[WhiteFideId "1729977"]
[BlackFideId "1768298"]
[WhiteElo "1955"]
[BlackElo "1849"]

1. d4 Nf6 2. c4 c5 3. Nf3 cxd4 4. Nxd4 e5 5. Nb5 d5 6. cxd5 Bc5 7. e3 O-O 8. Be2 e4 9. N5c3 Qe7 10.
O-O Rd8 11. Nd2 Bf5 12. Qb3 Nbd7 13. Nc4 Ne5 14. d6 Bxd6 15. Nxd6 Rxd6 16. Nb5 Rd7 17. Nd4 Bg4 18. Bb5 Rd6 19.
Bd2 a5 20. Rfc1 Bd7 21. Rc7 Nfg4 22. Bxd7 1/2-1/2

[Event "Skol-SM i Schack 2024, Grupp A"]
[Site "Arena Varberg, Kattegattsvagen 26, Varberg, Sweden"]
[Date "2024.10.13"]
[Round "8.2"]
[White "Johansson, William"]
[Black "Frank, Anton"]
[Result "1-0"]
[TimeControl "45 minutes + 10 seconds per move from move one."]
[BlackTitle "CM"]
[WhiteFideId "1744070"]
[BlackFideId "1752383"]
[WhiteElo "1971"]
[BlackElo "2110"]

1. b3 e5 2. Bb2 Nc6 3. c4 Nge7 4. e3 d5 5. cxd5 Nxd5 6. a3 Be6 7. Qc2 Qd7 8. Bb5 f6 9. d3 Bd6 10.
Nd2 Nde7 11. Ngf3 O-O 12. O-O Kh8 13. Rac1 a6 14. Bxc6 Nxc6 15. b4 Bg4 16. h3 Bh5 17. Qc4 Rae8 18.
Qh4 Qf7 19. g4 Bg6 20. e4 Qb3 21. Nxb3 1-0

[Event "Skol-SM i Schack 2024, Grupp A"]
[Site "Arena Varberg, Kattegattsvagen 26, Varberg, Sweden"]
[Date "2024.10.13"]
[Round "8.3"]
[White "Kleist, Axel"]
[Black "Harlin, Jacob"]
[Result "1-0"]
[TimeControl "45 minutes + 10 seconds per move from move one."]
[WhiteFideId "1764322"]
[BlackFideId "1728180"]
[WhiteElo "1912"]
[BlackElo "1919"]

1. e4 c5 2. Nf3 d6 3. d4 cxd4 4. Nxd4 Nf6 5. Nc3 a6 6. Bc4 e6 7. Bb3 b5 8. Bg5 Be7 9. Qf3 Qc7 10. O-O-O O-O 11. e5 Bb7 12.
exf6 Bxf3 13. fxe7 Re8 14. gxf3 h6 15. Bh4 d5 16. Kb1 Nd7 17. Rhg1 Qc5 18. f4 Rab8 19. Nf5 exf5 20. Rxd5 Qc6 21.
Rxf5 Kh8 22. Rxf7 Rg8 23. Bd5 Qd6 24. Be4 Nf6 25. Bxf6 1-0

[Event "Skol-SM i Schack 2024, Grupp A"]
[Site "Arena Varberg, Kattegattsvagen 26, Varberg, Sweden"]
[Date "2024.10.13"]
[Round "8.4"]
[White "Schriever-Abeln, Marius"]
[Black "Fridman, Arvid"]
[Result "1-0"]
[TimeControl "45 minutes + 10 seconds per move from move one."]
[WhiteFideId "1752650"]
[BlackFideId "1758632"]
[WhiteElo "2009"]
[BlackElo "1895"]

1. d4 d5 2. c4 c6 3. Nf3 Nf6 4. g3 dxc4 5. Bg2 b5 6. Ne5 Bb7 7. a4 a6 8. O-O e6 9. Nc3 Nd5 10.
e4 Nxc3 11. bxc3 Nd7 12. Bf4 Nf6 13. h4 Be7 14. Ng4 c5 15. Nxf6+ Bxf6 16. e5 Bxg2 17. Kxg2 Be7 18. Qg4 g6 19.
Rfd1 Qd5+ 20. Kh2 Rb8 21. axb5 axb5 22. Ra7 Qc6 23. d5 exd5 24. e6 f5 25. Qe2 Ra8 26. Rc7 Qb6 27. Rxd5 Rd8 28.
Rxe7+ 1-0

[Event "Skol-SM i Schack 2024, Grupp A"]
[Site "Arena Varberg, Kattegattsvagen 26, Varberg, Sweden"]
[Date "2024.10.13"]
[Round "7.1"]
[White "Frank, Anton"]
[Black "Joensson, Oscar"]
[Result "1/2-1/2"]
[TimeControl "45 minutes + 10 seconds per move from move one."]
[WhiteTitle "CM"]
[WhiteFideId "1752383"]
[BlackFideId "1729977"]
[WhiteElo "2110"]
[BlackElo "1955"]

1. e4 c6 2. d4 d5 3. e5 c5 4. c3 Nc6 5. Be2 Bf5 6. Nf3 e6 7. O-O Bg6 8. Be3 cxd4 9. Nxd4 Nxd4 10. cxd4 Ne7 11. Nc3 Nc6 12. a3 a6 13. b4 Be7 14.
Rc1 O-O 15. Na4 Nb8 16. Qb3 b5 17. Nc5 Bxc5 18. bxc5 Nc6 19. a4 b4 20. g3 Qb8 21. h4 h6 22. f4 Be4 23. Rf2 Qb7 24.
Qb2 Rfc8 25. h5 Qe7 26. Rh2 f5 27. Kf2 Kh8 28. Rg1 Rf8 29. Ra1 Qb7 30. Bd2 Rab8 31. Kg1 Na5 32. Be1 Nc4 33.
Qb3 Na5 34. Qb2 Nc4 35. Qb3 Na5 36. Qb2 1/2-1/2

[Event "Skol-SM i Schack 2024, Grupp A"]
[Site "Arena Varberg, Kattegattsvagen 26, Varberg, Sweden"]
[Date "2024.10.13"]
[Round "8.5"]
[White "Langhals, Mattias"]
[Black "Wedenberg, Oliver"]
[Result "1-0"]
[TimeControl "45 minutes + 10 seconds per move from move one."]
[WhiteFideId "1779168"]
[BlackFideId "1767909"]
[WhiteElo "1697"]
[BlackElo "1858"]

1. e4 c5 2. Nf3 Nc6 3. d4 cxd4 4. Nxd4 e5 5. Nb5 d6 6. N1c3 a6 7. Na3 b5 8. Nd5 Nge7 9. Be3 Nxd5 10.
Qxd5 Bb7 11. Qd2 Be7 12. Be2 O-O 13. O-O f5 14. f3 f4 15. Bf2 Kh8 16. c3 Bc8 17. Qd5 Qe8 18. Nc2 Bd7 19.
c4 b4 20. Rfd1 Rd8 21. Bb6 Rc8 22. c5 Rf6 23. Bxa6 Rb8 24. Bb5 Rh6 25. Bxc6 Bxc6 26. Qc4 dxc5 27. Bxc5 Bb5 28. Qd5 Rd8 29.
Qxe5 Re6 30. Rxd8 Bxd8 31. Qxf4 Rc6 32. Qf5 g6 33. Bd4+ Kg8 34. Qxb5 Rxc2 35. Qxe8# 1-0

[Event "Skol-SM i Schack 2024, Grupp A"]
[Site "Arena Varberg, Kattegattsvagen 26, Varberg, Sweden"]
[Date "2024.10.13"]
[Round "7.2"]
[White "Fridman, Arvid"]
[Black "Kleist, Axel"]
[Result "0-1"]
[TimeControl "45 minutes + 10 seconds per move from move one."]
[WhiteFideId "1758632"]
[BlackFideId "1764322"]
[WhiteElo "1895"]
[BlackElo "1912"]

1. d4 e6 2. Nc3 Bb4 3. e4 d5 4. e5 Ne7 5. a3 Bxc3+ 6. bxc3 c5 7. Nf3 Nbc6 8. h4 Qc7 9. Bd3 c4 10. Be2 Bd7 11. Qd2 f6 12. exf6 gxf6 13.
Qh6 O-O-O 14. Qxf6 Nf5 15. Bh6 Rhg8 16. h5 Qa5 17. Kd2 Nd6 18. Bd3 cxd3 19. cxd3 Rxg2 20. Ng5 Nf5 21. Ke2 Nxh6 22.
Qxh6 Rg8 23. Rag1 Rxg1 24. Rxg1 Qxc3 25. Qxh7 Nxd4+ 26. Kf1 Qc1+ 27. Kg2 Qxg5+ 0-1

[Event "Skol-SM i Schack 2024, Grupp A"]
[Site "Arena Varberg, Kattegattsvagen 26, Varberg, Sweden"]
[Date "2024.10.13"]
[Round "8.6"]
[White "Demeestere, Ewoud"]
[Black "Savela, Julina"]
[Result "0-1"]
[TimeControl "45 minutes + 10 seconds per move from move one."]
[WhiteFideId "1773585"]
[BlackFideId "1767437"]
[WhiteElo "1833"]
[BlackElo "1682"]

1. d4 d5 2. c4 e6 3. Nc3 Nf6 4.
Bg5 Be7 5. Nf3 Nbd7 6. e3 O-O 7. Qc2 b6 8. cxd5 exd5 9. Bd3 Bb7 10. O-O Rc8 11. Rfd1 Re8 12. Qa4 a6 13. Bf5 b5 14.
Qb3 Rb8 15. Rac1 c5 16. Bxf6 Nxf6 17. dxc5 Bxc5 18. Nxb5 Bxe3 19. fxe3 axb5 20. Qxb5 Ba8 21. Qe2 Qb6 22. Qf2 Qxb2 23.
Nd4 Qa3 24. Re1 Re7 25. Rc6 Rbe8 26. Rxf6 gxf6 27. Qg3+ Kf8 28. Bxh7 Rxe3 29. Qg8+ Ke7 30. Nf5+ Kd8 31. Rxe3 Qc1+ 32.
Kf2 Qd2+ 33. Kg3 Rxg8+ 34. Bxg8 d4 35. Nxd4 Qxe3+ 36. Nf3 Bxf3 37. gxf3 Qg5+ 0-1

[Event "Skol-SM i Schack 2024, Grupp A"]
[Site "Arena Varberg, Kattegattsvagen 26, Varberg, Sweden"]
[Date "2024.10.13"]
[Round "7.3"]
[White "Eriksson, Wilmer"]
[Black "Wedenberg, Oliver"]
[Result "1/2-1/2"]
[TimeControl "45 minutes + 10 seconds per move from move one."]
[WhiteFideId "1768298"]
[BlackFideId "1767909"]
[WhiteElo "1849"]
[BlackElo "1858"]

1. e4 c5 2. c3 d5 3. exd5 Nf6 4.
Bb5+ Nbd7 5. c4 a6 6. Ba4 b5 7. cxb5 axb5 8. Bxb5 Bb7 9. Nf3 Nxd5 10. O-O e6 11. Nc3 Bd6 12. d4 cxd4 13. Nxd4 O-O 14. h3 Ne5 15.
Qe2 Rc8 16. Ne4 Bb8 17. Bg5 Qb6 18. Rfd1 h6 19. Be3 Nxe3 20. Qxe3 Rfd8 21. Nc3 Ng6 22. Nf5 Qc7 23. Ng3 Ne7 24.
Rxd8+ Rxd8 25. Rd1 Rxd1+ 26. Nxd1 Nf5 27. Nxf5 Qh2+ 28. Kf1 Bxg2+ 29. Ke2 exf5 30. Qe8+ Kh7 31. Bd3 Bxh3 32. Qxf7 Bg4+ 33. Kd2 Qf4+ 34. Kc2 Qf3 35. Nc3 Be5 36. Qa7 Bf4 37. Qc5 Bg5 38. Nd5 Qd1+ 39. Kc3 Qc1+ 40. Bc2 Bd1 41.
Ne3 Bf6+ 42. Kd3 Bxc2+ 43. Qxc2 Qh1 44. Nxf5 Qf3+ 45. Ne3 h5 46. Kd2+ g6 47. Qc7+ Bg7 48. b4 Qxf2+ 49. Kd3 Qxa2 50.
Qc4 Qa3+ 51. Ke2 Qb2+ 52. Kf3 Qf6+ 53. Kg2 Qg5+ 54. Kf2 h4 55. Qg4 Qf6+ 56. Kg2 Bh6 57. Nf1 Qb2+ 58. Kh3 Qf2 59.
Nh2 Qe3+ 60. Nf3 g5 61.
Qf5+ Kg7 62. Qd7+ Kf8 63. Qd6+ Kg8 64. Qd5+ Kh7 65. Qf5+ Kg7 66. Qd7+ Kf6 67. Qd6+ Kf5 68. Qd7+ Qe6 69.
Qxe6+ Kxe6 70. Nxg5+ Bxg5 71. b5 Kd6 72. b6 Kc6 73.
b7 Kxb7 74. Kh2 1/2-1/2

[Event "Skol-SM i Schack 2024, Grupp A"]
[Site "Arena Varberg, Kattegattsvagen 26, Varberg, Sweden"]
[Date "2024.10.13"]
[Round "8.7"]
[White "Emanuelsson, Aron"]
[Black "Al-Sherufi, Haider"]
[Result "1-0"]
[TimeControl "45 minutes + 10 seconds per move from move one."]
[WhiteFideId "1780069"]
[BlackFideId "1745212"]
[WhiteElo "1720"]
[BlackElo "1599"]

1. d4 e6 2. Nf3 f5 3. Bg5 Nf6 4. Nc3 Be7 5. e3 b6 6. Bd3 Bb7 7. Qe2 c5 8. O-O-O Nc6 9. h4 d5 10.
Bb5 Nd7 11. Kb1 a6 12. Bxc6 Bxc6 13. Bf4 b5 14. Ne5 Nxe5 15. Bxe5 b4 16. Qh5+ g6 17. Qh6 bxc3 18. Bxh8 Rb8 19.
b3 Qa5 20. dxc5 Bxc5 21. Bd4 Bxd4 22. exd4 Qa3 23. Qc1 Qb4 24. h5 Ke7 25. hxg6 hxg6 26. Rh7+ Kf6 27. g4 g5 28. gxf5 exf5 29.
Rh6+ Kf7 30. Rxc6 Rb5 31. Qxg5 Ra5 32. Qf6+ Ke8 33. Re1+ Kd7 34. Qe6+ Kd8 35. Qe8# 1-0

[Event "Skol-SM i Schack 2024, Grupp A"]
[Site "Arena Varberg, Kattegattsvagen 26, Varberg, Sweden"]
[Date "2024.10.13"]
[Round "7.4"]
[White "Al-Sherufi, Haider"]
[Black "Johansson, William"]
[Result "0-1"]
[TimeControl "45 minutes + 10 seconds per move from move one."]
[WhiteFideId "1745212"]
[BlackFideId "1744070"]
[WhiteElo "1599"]
[BlackElo "1971"]

1. e4 c6 2. d4 d5 3.
exd5 cxd5 4. c4 Nf6 5. Nc3 Nc6 6.
Nf3 Bg4 7. cxd5 Nxd5 8. Qb3 Bxf3 9.
gxf3 e6 10. Qxb7 Nxd4 11. Bb5+ Nxb5 12. Qc6+ Ke7 13. Nxb5 Rb8 14. Qc5+ Ke8 15. Qc6+ Qd7 16. Nxa7 Nb4 17. Qxd7+ Kxd7 18.
O-O Bc5 19. Be3 Bxe3 20. fxe3 Rb7 21. Rfd1+ Ke7 22. a3 Nc2 23. Nc6+ Kf6 24. Rac1 Nxe3 25. Rd3 Nd5 26. Rd2 Rb3 27.
Nd4 Re3 28. Kf2 Re5 29. b4 Ra8 30. Ra2 Nxb4 31. Rd2 Rxa3 32. Rcd1 Ree3 33. Kg2 Nd5 34. Nc2 Rac3 35. Rxd5 Rxc2+ 36. R5d2 Rxd2+ 37. Rxd2 g5 38.
Kg3 h5 39. h3 Kf5 40. Rd7 f6 41. Rd4 e5 42. Rd5 g4 43. hxg4+ hxg4 44. Rd6 Rxf3+ 45. Kg2 e4 46. Rc6 g3 47. Rb6 Kg4 48. Rxf6 0-1

[Event "Skol-SM i Schack 2024, Grupp A"]
[Site "Arena Varberg, Kattegattsvagen 26, Varberg, Sweden"]
[Date "2024.10.13"]
[Round "8.8"]
[White "Keskitalo, Rasmus"]
[Black "Persson Holm, Simon"]
[Result "0-1"]
[TimeControl "45 minutes + 10 seconds per move from move one."]
[WhiteFideId "1768271"]
[BlackFideId "1744380"]
[WhiteElo "1752"]
[BlackElo "1737"]

1. e4 c6 2. d4 d5 3. Nc3 dxe4 4.
Nxe4 Nf6 5. Nxf6+ exf6 6. Nf3 Bd6 7. Bd3 O-O 8. O-O Bg4 9. h3 Bh5 10. c3 Re8 11. Be3 Nd7 12. Qc2 Bxf3 13.
Bxh7+ Kh8 14. gxf3 g6 15. Bxg6 fxg6 16. f4 f5 17. Kh2 Qh4 18. Qd2 g5 19. d5 c5 0-1

[Event "Skol-SM i Schack 2024, Grupp A"]
[Site "Arena Varberg, Kattegattsvagen 26, Varberg, Sweden"]
[Date "2024.10.13"]
[Round "7.5"]
[White "Emanuelsson, Aron"]
[Black "Schriever-Abeln, Marius"]
[Result "0-1"]
[TimeControl "45 minutes + 10 seconds per move from move one."]
[WhiteFideId "1780069"]
[BlackFideId "1752650"]
[WhiteElo "1720"]
[BlackElo "2009"]

1. d4 Nf6 2. Bf4 d5 3. e3 c5 4. c3 Nc6 5. Nd2 Bf5 6. Ngf3 e6 7. h3 Be7 8. Nh4 Be4 9. Nxe4 Nxe4 10.
Nf3 O-O 11. Bd3 f5 12. Qe2 c4 13. Bxe4 fxe4 14. Ne5 Bd6 15. Nxc6 bxc6 16. Bxd6 Qxd6 17. O-O Rab8 18. Rad1 Rb7 19.
Rd2 Rfb8 20. f3 exf3 21. Rxf3 a5 22. Rf2 a4 23. a3 e5 24. dxe5 Qxe5 25. e4 Qxe4 26. Qxe4 dxe4 27. Kf1 e3 0-1

[Event "Skol-SM i Schack 2024, Grupp A"]
[Site "Arena Varberg, Kattegattsvagen 26, Varberg, Sweden"]
[Date "2024.10.13"]
[Round "8.9"]
[White "Walter, Fridolf"]
[Black "Fredlund, Joel"]
[Result "1-0"]
[TimeControl "45 minutes + 10 seconds per move from move one."]
[WhiteFideId "1753347"]
[BlackFideId "1748157"]
[WhiteElo "1708"]
[BlackElo "1454"]

1. e4 e5 2. Nf3 Nc6 3. Bc4 Nf6 4. d3 h6 5. Nc3 Bb4 6. O-O d6 7. Nd2 Ng4 8. Qf3 O-O 9. Nd5 Nd4 10.
Qd1 Bc5 11. c3 Nc2 12. Qxc2 Nxh2 13. Kxh2 Qh4+ 14. Kg1 Bh3 15. Nf3 Qg3 16. Ne3 Bxe3 17. fxe3 Qg6 18. Qf2 1-0

[Event "Skol-SM i Schack 2024, Grupp A"]
[Site "Arena Varberg, Kattegattsvagen 26, Varberg, Sweden"]
[Date "2024.10.13"]
[Round "7.6"]
[White "Harlin, Jacob"]
[Black "Walter, Fridolf"]
[Result "1-0"]
[TimeControl "45 minutes + 10 seconds per move from move one."]
[WhiteFideId "1728180"]
[BlackFideId "1753347"]
[WhiteElo "1919"]
[BlackElo "1708"]

1. e4 e5 2. Nf3 Nc6 3. d4 exd4 4. Bc4 Nf6 5. e5 d5 6. Bb5 Ne4 7. Nxd4 Bd7 8. Bxc6 bxc6 9. O-O Bc5 10.
f3 Ng5 11. f4 Ne4 12. Be3 O-O 13. Nd2 Nxd2 14. Qxd2 Qe7 15. Nb3 Bb6 16. Qc3 f6 17. Kh1 Rae8 18. Bc5 Bxc5 19. Nxc5 fxe5 20. fxe5 Bf5 21. Rfe1 Bg6 22.
Nd3 Bxd3 23. cxd3 c5 24. Rac1 Rf5 25. e6 Rf6 26. Qxc5 Qxc5 27. Rxc5 Rexe6 28. Rcc1 Rxe1+ 29. Rxe1 Rf2 30.
h3 Rxb2 31. Re7 Rc2 32. Rd7 Rc5 33. d4 Ra5 34. Rxc7 h6 35.
Kh2 Rxa2 36. Rc5 Kf7 37. Rxd5 Ke6 38. Rb5 a5 39. Kg3 a4 40. Ra5 a3 41. Kh4 Ra1 42. Kh5 a2 43. Kg6 1-0

[Event "Skol-SM i Schack 2024, Grupp A"]
[Site "Arena Varberg, Kattegattsvagen 26, Varberg, Sweden"]
[Date "2024.10.13"]
[Round "8.10"]
[White "Sniegon, Filip"]
[Black "Johansson, Sigge"]
[Result "0-1"]
[TimeControl "45 minutes + 10 seconds per move from move one."]
[WhiteFideId "1778277"]
[BlackFideId "1742612"]
[WhiteElo "1684"]
[BlackElo "1746"]

1. c4 g6 2. g3 Bg7 3. Bg2 e6 4. d4 d5 5. cxd5 exd5 6. Nc3 Ne7 7. Nf3 O-O 8. O-O c6 9. Bd2 Nf5 10.
e3 Re8 11. Re1 Be6 12. Ne2 Nd6 13. Nf4 Bg4 14. h3 Be6 15. Nxe6 fxe6 16. Bb4 Bf8 17. Rc1 Ne4 18. Bxf8 Rxf8 19.
Rf1 Nd7 20. Qc2 Rf7 21. Nd2 Nd6 22. b4 Nb6 23. f4 Nbc4 24. Nxc4 Nxc4 25. Qd3 Qb6 26. a3 a5 27. bxa5 Rxa5 28.
Rc3 Qa6 29. Ra1 b5 30. Bf1 b4 31. Rb3 Rxa3 32. Rbxa3 bxa3 33. Qb3 Ra7 34. Bxc4 dxc4 35. Qc3 Qa4 36. Qd2 Qb3 37. Qc1 a2 38.
Kf1 c3 39. Ke1 Ra3 40. Qd1 Qb2 0-1

[Event "Skol-SM i Schack 2024, Grupp A"]
[Site "Arena Varberg, Kattegattsvagen 26, Varberg, Sweden"]
[Date "2024.10.12"]
[Round "3.7"]
[White "Wedenberg, Oliver"]
[Black "Savela, Julina"]
[Result "1-0"]
[TimeControl "45 minutes + 10 seconds per move from move one."]
[WhiteFideId "1767909"]
[BlackFideId "1767437"]
[WhiteElo "1858"]
[BlackElo "1682"]

1. e4 c5 2. a3 Nc6 3. b4 cxb4 4. axb4 Nxb4 5. c3 Nc6 6. d4 d6 7. Bc4 Nf6 8. Qd3 d5 9. exd5 Nxd5 10.
Nf3 e6 11. O-O Be7 12. Bb3 O-O 13. Bc2 g6 14. Bh6 Re8 15. Nbd2 Bf8 16. Bxf8 Kxf8 17. Ne4 e5 18. dxe5 Bf5 19.
Rfd1 Nf4 20. Qe3 Nd5 21. Qc5+ Nce7 22. c4 Rc8 23. Qd4 Bxe4 24. Bxe4 Nb6 25. Qe3 Qc7 26. Qh6+ Kg8 27. Ng5 Nc6 28.
Qxh7+ Kf8 29. Qh8+ Ke7 30. Qf6+ Kf8 31. e6 1-0

[Event "Skol-SM i Schack 2024, Grupp A"]
[Site "Arena Varberg, Kattegattsvagen 26, Varberg, Sweden"]
[Date "2024.10.12"]
[Round "4.11"]
[White "Schriever-Abeln, Marius"]
[Black "Wingh, Walter"]
[Result "1-0"]
[TimeControl "45 minutes + 10 seconds per move from move one."]
[WhiteFideId "1752650"]
[BlackFideId "1767836"]
[WhiteElo "2009"]
[BlackElo "1612"]

1. d4 Nf6 2. c4 g6 3. Nc3 Bg7 4. e4 d6 5. Be2 O-O 6. Be3 e5 7. d5 Ne8 8. g4 f5 9. gxf5 gxf5 10. exf5 Bxf5 11. Qd2 Nf6 12.
f3 Bg6 13. Nh3 Nh5 14. O-O-O Qe7 15. Ng5 Nf4 16. h4 Bh5 17. Bxf4 Rxf4 18. Rdg1 Kh8 19. Kb1 Nd7 20. Ne6 Rf7 21. Ne4 Bg6 22. h5 Bxe4+ 23. fxe4 Nc5 24. h6 Nxe6 25.
dxe6 Rf6 26. hxg7+ Kg8 27. Bg4 Rg6 28. Bf5 Rxg7 29. Qh2 Rxg1+ 30. Rxg1+ Kf8 31. Qh6+ Ke8 32. Rg8+ Qf8 33. Qxf8# 1-0

[Event "Skol-SM i Schack 2024, Grupp A"]
[Site "Arena Varberg, Kattegattsvagen 26, Varberg, Sweden"]
[Date "2024.10.12"]
[Round "6.3"]
[White "Fridman, Arvid"]
[Black "Harlin, Jacob"]
[Result "1-0"]
[TimeControl "45 minutes + 10 seconds per move from move one."]
[WhiteFideId "1758632"]
[BlackFideId "1728180"]
[WhiteElo "1895"]
[BlackElo "1919"]

1. d4 d5 2. c4 c6 3. Nc3 Nf6 4. Nf3 dxc4 5. a4 Bf5 6. e3 e6 7. Bxc4 Bb4 8. O-O O-O 9. Ne5 Nbd7 10.
Nd3 Be7 11. Re1 Bg6 12. Nf4 c5 13. Nxg6 hxg6 14. a5 a6 15. Qb3 Qc7 16. d5 exd5 17. Nxd5 Nxd5 18. Bxd5 Rab8 19. e4 Nf6 20.
Bc4 Bd6 21. h3 Rfe8 22. f3 Be5 23. Be3 b5 24. axb6 Rxb6 25. Qa4 Rxb2 26. Qa5 Qxa5 27. Rxa5 Bc3 28. Rea1 Bxa5 29. Rxa5 Nd7 30. Rxa6 Ne5 31. Bd5 Rc8 32.
f4 Nd3 33. Bc4 Nb4 34. Ra7 Re2 35.
Bxe2 c4 36. Ra4 Nc2 37. Bf2 c3 38. Bd3 Ne3 39. Bxe3 1-0

[Event "Skol-SM i Schack 2024, Grupp A"]
[Site "Arena Varberg, Kattegattsvagen 26, Varberg, Sweden"]
[Date "2024.10.12"]
[Round "4.12"]
[White "Johansson, Sigge"]
[Black "Al-Sherufi, Haider"]
[Result "0-1"]
[TimeControl "45 minutes + 10 seconds per move from move one."]
[WhiteFideId "1742612"]
[BlackFideId "1745212"]
[WhiteElo "1746"]
[BlackElo "1599"]

1. e4 e6 2. d4 d5 3. e5 c5 4. c3 Nc6 5. g3 Qb6 6. Ne2 Nh6 7. Bh3 Nf5 8. Bxf5 exf5 9. f4 cxd4 10.
cxd4 Be7 11. Nbc3 Be6 12. O-O f6 13. Kg2 O-O-O 14. Qb3 Qxb3 15. axb3 h6 16. Be3 g5 17. Kf3 fxe5 18. fxe5 h5 19.
Kg2 h4 20. Rac1 hxg3 21. hxg3 f4 22. gxf4 Bh3+ 23. Kf2 Bxf1 24. Rxf1 gxf4 25. Nxf4 Rh2+ 26. Ke1 Rxb2 27. Nfxd5 Rxb3 28.
Nxe7+ Nxe7 29. Kd2 Nc6 30. Kc2 Rb4 31. Ne2 a5 32. e6 a4 33. Rd1 a3 34. d5 Rb2+ 35. Kc1 Rxe2 36. Bg5 a2 37.
Bf6 Ne5 38. Bxe5 Rxe5 39. Kb2 Rdxd5 0-1